 Dungeon Crawl Stone Soup version 0.29.0 (webtiles) character file.

Game seed: 6054106529684289595

308 LustLizard the Magician (level 6, -5/40 HPs)
             Began as a Djinni Ice Elementalist on Aug 24, 2022.
             Was an Initiate of Hepliaklqana.
             Killed by divine providence
             ... invoked by an orc priest
              (13 damage)
             ... on level 4 of the Dungeon.
             The game lasted 00:11:26 (4341 turns).

LustLizard the Magician (Djinni Ice Elementalist)   Turns: 4341, Time: 00:11:27

Health: -5/40      AC:  7    Str:  7    XL:     6   Next: 68%
Gold:   59         EV: 12    Int: 18    God:    Hepliaklqana [......] SH:  0 Dex: 20

rFire   + + .      SeeInvis .   g - +3 short sword (protect)
rCold   x . .      Faith    .   (no shield)
rNeg    . . .      Spirit   .   s - +0 leather armour
rPois   ∞          Reflect  .   (no helmet)
rElec   .          Harm     .   (no cloak)
rCorr   .          Rampage  .   (no gloves)
Will    .....                   (boots unavailable)
Stlth   +++.......              (no amulet)
HPRegen 0.13/turn               j - +4 ring of protection
MPRegen 0.00/turn               u - +6 ring of dexterity

@: flying
A: sickness immunity, fire resistance 2, cold vulnerability 1, float, innate
caster, HP casting, extra vitality 1
a: Renounce Religion


You were on level 4 of the Dungeon.
You worshipped Hepliaklqana.
Hepliaklqana was noncommittal.
You visited 2 branches of the dungeon, and saw 5 of its levels.

You collected 92 gold pieces.
You spent 33 gold pieces at shops.

Inventory:

Hand Weapons
 d - a +0 club
 e - a +0 whip
 g - a +3 short sword of protection (weapon)
Missiles
 p - 3 poisoned darts
Armour
 a - a +0 robe
 r - +0 fire dragon scales
 s - a +0 leather armour (worn)
Jewellery
 h - a ring of fire
 j - a +4 ring of protection (left hand)
 k - an amulet of faith
 u - a +6 ring of dexterity (right hand)
 v - a ring of resist corrosion
 w - a +6 ring of dexterity
Scrolls
 l - a scroll of poison {unknown}
 m - 2 scrolls of noise {unknown}
 o - a scroll of enchant weapon {unknown}
 q - a scroll of brand weapon {unknown}
 t - a scroll of enchant armour {unknown}
Potions
 c - 2 potions of degeneration
 f - 2 potions of curing
 n - a potion of flight {unknown}


   Skills:
 * Level 2.9 Short Blades
 - Level 2.1 Dodging
 * Level 3.6 Stealth
 * Level 4.3 Spellcasting


You couldn't memorise any spells.
You knew the following spells:

 Your Spells              Type           Power      Damage    Failure   Level
a - Freeze                Ice            76%        1d9       3%          1
b - Frozen Ramparts       Ice            38%        1d6       11%         3
c - Ozocubu's Armour      Ice            19%        N/A       11%         3
d - Hailstorm             Conj/Ice       19%        3d6       36%         4
e - Shock                 Conj/Air       76%        1d7       3%          1
f - Blink                 Tloc           38%        N/A       5%          2
Your spell library was empty.

Dungeon Overview and Level Annotations

Branches:
Dungeon (4/15)             Temple (1/1) D:4

Altars:
Ashenzari
Cheibriados
Dithmenos
Elyvilon
Fedhas
Gozag
Hepliaklqana
Makhleb
Nemelex Xobeh
Qazlal
Ru
Trog
Yredelemnul
The Shining One

Shops:
D:3 !

Annotations:
D:4 Edmund, Grinder


Innate Abilities, Weirdness & Mutations

You are immune to sickness and miasma.
You are immune to poison.
Your flesh is very heat resistant. (rF++)
You are vulnerable to cold. (rC-)
You float through the air rather than walking.
You learn spells naturally, not from books.
Your magical power is your life essence.
You have superior vitality. (+4 MHP)


Message History

The orc attacks as you move away! The orc barely misses you.
Casting: Shock (safe; 3% risk of failure)
Confirm with . or Enter, or press ? or * to list all spells.
You blink.
* * * LOW HITPOINT WARNING * * *
You feel stable enough to blink again.
Grinder shouts!
Grinder gestures at you. You resist with some effort. Grinder gestures at you.
You suddenly lose the ability to move!
You can move again.
You feel much better.
The orc priest invokes the aid of Beogh against you.
Beogh smites you!
* * * LOW HITPOINT WARNING * * *
Casting: Blink (safe; 5% risk of failure)
Confirm with . or Enter, or press ? or * to list all spells.
You blink.
* * * LOW HITPOINT WARNING * * *
Grinder blinks!
The orc priest closely misses you. Grinder gestures at you.
You resist with some effort.
The orc priest attacks as you move away!
The orc priest misses you. The orc attacks as you move away!
The orc hits you with a +0 dagger.
* * * LOW HITPOINT WARNING * * *
The orc priest attacks as you move away!
The orc priest completely misses you. The orc attacks as you move away!
The orc closely misses you.
You feel stable enough to blink again.
The orc priest attacks as you move away!
The orc priest closely misses you. The orc attacks as you move away!
The orc hits you but does no damage. The orc attacks as you move away!
The orc closely misses you. Grinder gestures at you.
You struggle to resist.
The orc priest mumbles some strange prayers to Beogh against you.
Beogh smites you!
You die...

##...........#
#............##
#.............## ###
##..............# ####..
#...............#####...##
#.....5..........#...####
#.......o..........###
##......o.........###
#.......o.@.......#
#..............#.##
#.............##.#
#...........####.# #
#..........## #.#### #
############ #.##.## ##
##.....# #. ###......###
## ######
##..####....#####


You could see Grinder, 2 orc priests and an orc.

Vanquished Creatures
  A phantom (D:4)
  A scorpion (D:4)
  2 iguanas
  An orc wizard (D:4)
  2 adders (D:2)
  An ufetubus (D:4)
  4 worms
  3 dart slugs
  9 orcs
  7 ball pythons
  3 endoplasms
  A giant cockroach (D:3)
  5 goblins
  3 hobgoblins
  4 jackals (D:3)
  10 kobolds
  5 quokkas
  5 bats
  6 frilled lizards
  4 rats
77 creatures vanquished.

Notes
Turn   | Place    | Note
-------+----------+-------------------------------------------
     0 | D:1      | LustLizard the Djinni Ice Elementalist began the quest for
                  | the Orb.
     0 | D:1      | LustLizard set off with the following spells memorised:
                  | Freeze, Frozen Ramparts, Ozocubu's Armour, Hailstorm.
     0 | D:1      | Reached XP level 1. HP: 15/15 MP: 0/0
   304 | D:1      | Reached XP level 2. HP: 19/21 MP: 0/0
   700 | D:1      | Found a faded altar of an unknown god.
  1059 | D:2      | Reached XP level 3. HP: 16/25 MP: 0/0
  1059 | D:2      | Learned a level 1 spell: Shock
  1190 | D:2      | Reached skill level 1 in Short Blades
  1469 | D:2      | Reached XP level 4. HP: 26/31 MP: 0/0
  2209 | D:3      | Found Extodghacw's Distillery.
  2242 | D:3      | Bought a potion of curing for 33 gold pieces
  2250 | D:3      | Found a blossoming altar of Fedhas.
  2318 | D:3      | Found a snail-covered altar of Cheibriados.
  2673 | D:3      | Found a glowing golden altar of the Shining One.
  2677 | D:3      | Found a sparkling altar of Nemelex Xobeh.
  2706 | D:3      | Found a shadowy altar of Dithmenos.
  2841 | D:3      | Reached XP level 5. HP: 35/35 MP: 0/0
  2841 | D:3      | Learned a level 2 spell: Blink
  2898 | D:4      | Found a staircase to the Ecumenical Temple.
  2901 | D:4      | Noticed a phantom
  3050 | Temple   | Entered the Ecumenical Temple
  3188 | Temple   | Became a worshipper of Hepliaklqana the Forgotten
  3235 | D:4      | Reached skill level 4 in Spellcasting
  3235 | D:4      | Reached XP level 6. HP: 28/40 MP: 0/0
  3324 | D:4      | Noticed Edmund
  3551 | D:4      | Noticed Grinder
  4332 | D:4      | Paralysed by Grinder for 2 turns
  4341 | D:4      | Killed from afar by an orc priest

Illustrated notes

Levels and vault maps discovered:
D:1:      minmay_arrival_four_circles, layout_basic,
          shapermc_ecumenical_altar_mp_ritualfount, nicolae_eternal_life,
          corner_web_ring
D:2:      layout_loops_corners, minmay_shallow_snake_nest
D:3:      layout_rooms, grunt_dithmenos_smoke_and_mirrors,
          mainiacjoe_overflow_catwalk_spiral, mainiacjoe_overflow_paths,
          mainiacjoe_overflow_brackets, serial_shops, shop
D:4:      layout_cave_pods, minmay_temple_entry_glass, uniq_grinder, uniq_edmund
Temple:   minmay_temple_bridge_abc

Skill      XL: |  1  2  3  4  5 |
---------------+----------------+-----
Stealth        | 2 3 |  3.6
Short Blades   | 1 2 |  2.9
Spellcasting   | 4 |  4.3
Dodging        | |  2.1

Action                   |  1- 3 |  4- 6 || total
-------------------------+-------+-------++-------
Melee: Short sword       |    25 |    98 ||   123
 Cast: Freeze            |    23 |    53 ||    76
       Frozen Ramparts   |     2 |     1 ||     3
       Blink             |       |     7 ||     7
       Shock             |       |     5 ||     5
  Use: Scroll            |       |     4 ||     4
       Potion            |       |     2 ||     2
 Stab: Sleeping          |     3 |     6 ||     9
Armor: Robe              |    10 |     3 ||    13
       Leather armour    |       |    44 ||    44
Dodge: Dodged            |    26 |    79 ||   105
